 Dungeon Crawl Stone Soup version 0.27.0-1-g7a089689b8 (webtiles) character file.

Game seed: 3882980460241900157

4328 mandarbmax the Carver (level 10, -4/56 HPs)
             Began as a Tengu Berserker on Aug 1, 2021.
             Was an Elder of Trog.
             Slain by a wolf (8 damage)
             ... led by Grum
             ... on level 8 of the Dungeon.
             The game lasted 00:15:12 (7891 turns).

mandarbmax the Carver (Tengu Berserker)             Turns: 7891, Time: 00:15:14

Health: -4/56      AC: 20    Str: 17    XL:     10   Next: 33%
Magic:  11/11      EV:  7    Int: 12    God:    Trog [****..]
Gold:   356        SH: 15    Dex: 17    Spells: 9/9 levels left

rFire    + . .     SeeInvis +   a - +0 falchion
rCold    + . .     Faith    .   v - +0 tower shield
rNeg     . . .     Spirit   .   F - +8 chain mail of Hedonism {-Tele rElec Int+4 SInv}
rPois    .         Reflect  .   (helmet restricted)
rElec    +         Harm     .   b - scarf {rC+ rF+}
rCorr    +         Rampage  .   H - +0 pair of gloves
Will     ++...     NoTele   +   (boots unavailable)
Stlth    ..........             (no amulet)
HPRegen  1.18/turn              g - +4 ring of slaying
MPRegen  0.12/turn              B - ring of resist corrosion

@: strong-willed, on berserk cooldown, flying quickly and evasively,
regenerating, slowed, very slow
A: beak, talons 3, nimble flight
a: Renounce Religion, Berserk, Trog's Hand, Brothers in Arms


You were on level 8 of the Dungeon.
You worshipped Trog.
Trog was greatly pleased with you.
You visited 2 branches of the dungeon, and saw 9 of its levels.
You also visited: Sewer.

You collected 356 gold pieces.

Inventory:

Hand Weapons
 a - a +0 falchion (weapon)
Missiles
 e - 162 arrows
 l - 6 datura-tipped darts (quivered)
 A - 39 poisoned darts
 J - a throwing net
Armour
 b - a scarf of resistance (worn)
 n - a +2 animal skin
 v - a +0 tower shield (worn)
 F - the +8 chain mail of Hedonism (worn) {-Tele rElec Int+4 SInv}
   (You found it on level 5 of the Dungeon)

   Int:       It affects your intelligence (+4).
   rElec:     It insulates you from electricity.
   SInv:      It lets you see invisible.
   -Tele:     It prevents most forms of teleportation.
 H - a +0 pair of gloves (worn)
Jewellery
 g - a +4 ring of slaying (left hand)
 B - a ring of resist corrosion (right hand)
Wands
 s - a wand of polymorph (5)
 G - a wand of paralysis (16)
Scrolls
 c - 5 scrolls of teleportation {unknown}
 h - 10 scrolls of identify {unknown}
 i - a scroll of torment {unknown}
 k - 3 scrolls of noise {unknown}
 p - 2 scrolls of summoning {unknown}
 r - a scroll of holy word {unknown}
 w - a scroll of acquirement {unknown}
 x - a scroll of fog {unknown}
 y - 2 scrolls of blinking {unknown}
 D - 2 scrolls of enchant armour {unknown}
 I - a scroll of immolation {unknown}
Potions
 d - 4 potions of mutation {unknown}
 f - 2 potions of lignification {unknown}
 j - a potion of magic {unknown}
 m - 2 potions of curing {unknown}
 o - a potion of haste {unknown}
 q - 4 potions of heal wounds {unknown}
 t - a potion of ambrosia {unknown}
 u - 3 potions of attraction {unknown}
 z - a potion of resistance {unknown}
 C - 2 potions of cancellation {unknown}
 E - 3 potions of might {unknown}


   Skills:
 - Level 3.0 Fighting
 + Level 11.5 Long Blades
 + Level 7.4 Armour
 - Level 6.1 Dodging
 + Level 6.4 Shields


You had 9 spell levels left.
You didn't know any spells.
Your spell library was empty.

Dungeon Overview and Level Annotations

Branches:
Dungeon (8/15)             Temple (1/1) D:6           Sewer (visited)
   Lair: D:8-11

Altars:
Ashenzari
Elyvilon
Hepliaklqana
Kikubaaqudgha
Makhleb
Okawaru
Sif Muna
Wu Jian
Xom
The Shining One

Shops:
D:6 (

Annotations:
D:8 Grum


Innate Abilities, Weirdness & Mutations

You have a beak for a mouth.
You have claws for feet.
Your magical nature lets you fly swiftly and evasively.


Message History

You peck the wolf.
The wolf is moderately wounded.
You block the wolf's attack. You block Grum's attack.
You barely miss the wolf. You claw the wolf! Your peck misses the wolf.
The wolf is severely wounded.
You are no longer berserk.
You are exhausted.
You feel yourself slow down. The wolf bites you.
Grum hits you from afar with a +1 spear!
You are too injured to fight recklessly!
You are too injured to fight recklessly!
You are too injured to fight recklessly!
You are too injured to fight recklessly!
You are too injured to fight recklessly!
You are too injured to fight recklessly!
You are too injured to fight recklessly!
You are too injured to fight recklessly!
You are too injured to fight recklessly!
You are too injured to fight recklessly!
You are too injured to fight recklessly!
You are too injured to fight recklessly!
You are too injured to fight recklessly!
You are too injured to fight recklessly!
You are too injured to fight recklessly!
You are too injured to fight recklessly!
You are too injured to fight recklessly!
You are too injured to fight recklessly!
You are too injured to fight recklessly!
You are too injured to fight recklessly!
Unknown command.
You block the wolf's attack. The wolf bites you.
* * * LOW HITPOINT WARNING * * *
Unknown command.
Your skin crawls.
You feel strong-willed. The wolf bites you.
Grum hits you from afar with a +1 spear!
* * * LOW HITPOINT WARNING * * *
The wolf bites you!
You die...

........# #....##........).....
........####....##..........####
........)J..................####
........h.......................
####......##....#...........####
#.#..........#...........####
#.#.....####g#..............# #
#.....#..#h#..............# #
#.###.#.#..#@#..............# #
#.# #.#...<..#............###
#####.###.#..###.#..##........#
##..................##........###
##.........#.....##.##...........
##..................###..........
##..................# #..........
##..................###..........
......###........................


You could see Grum and a wolf.

Vanquished Creatures
  A two-headed ogre (D:8)
  Joseph (D:8)
  A steam dragon (D:7)
  Edmund (D:4)
  3 water moccasins
  Duvessa (D:6)
  2 ice beasts
  A black bear (D:6)
  A sky beast (D:8)
  3 wolves (D:8)
  A necrophage (D:5)
  2 ogres (D:6)
  4 centaurs
  2 phantoms
  A kobold brigand (D:6)
  2 bullfrogs
  2 scorpions (D:5)
  A wyvern zombie (D:5)
  Dowan (D:6)
  A killer bee (D:7)
  2 howler monkeys
  A bullfrog zombie (D:5)
  2 jellies
  2 centaur zombies
  4 hounds
  2 centaur skeletons (D:7)
  3 iguanas
  2 orc wizards (D:5)
  A hound skeleton (D:5)
  Robin (D:2)
  A howler monkey zombie (D:5)
  3 gnolls (D:2)
  11 adders
  A shadow imp (D:7)
  3 white imps
  2 worms (D:3)
  6 dart slugs
  18 orcs
  9 endoplasms
  5 giant cockroaches
  14 goblins
  14 hobgoblins
  16 jackals
  9 kobolds
  6 quokkas
  9 ball pythons
  8 bats
  6 frilled lizards
  3 rats
196 creatures vanquished.

Vanquished Creatures (others)
  7 plants (Sewer)
7 creatures vanquished.

Grand Total: 203 creatures vanquished

Notes
Turn   | Place    | Note
-------+----------+-------------------------------------------
     0 | D:1      | mandarbmax the Tengu Berserker began the quest for the Orb.
     0 | D:1      | Reached XP level 1. HP: 14/14 MP: 2/2
   253 | D:1      | Reached XP level 2. HP: 17/19 MP: 3/3
   275 | D:1      | Reached skill level 4 in Long Blades
   719 | D:1      | Reached XP level 3. HP: 20/23 MP: 4/4
  1414 | D:2      | Reached ** piety under Trog
  1434 | D:2      | Reached skill level 5 in Long Blades
  1501 | D:2      | Reached XP level 4. HP: 28/28 MP: 5/5
  1812 | D:2      | Noticed Robin
  1829 | D:2      | Killed Robin
  1830 | D:2      | Reached skill level 6 in Long Blades
  1843 | D:2      | Gained mutation: Your magical nature lets you fly swiftly
                  | and evasively. [Tengu growth]
  1843 | D:2      | Reached XP level 5. HP: 32/32 MP: 6/6
  2639 | D:3      | Noticed an ice beast
  2646 | D:3      | Killed an ice beast
  2647 | D:3      | Reached skill level 7 in Long Blades
  2690 | D:3      | Reached XP level 6. HP: 37/37 MP: 7/7
  3028 | D:3      | Found a white marble altar of Elyvilon.
  3028 | D:3      | Found a burning altar of Makhleb.
  3029 | D:3      | Found an ornate altar of the Wu Jian Council.
  3387 | D:4      | Noticed Edmund
  3392 | D:4      | Killed Edmund
  3392 | D:4      | Reached *** piety under Trog
  3657 | D:4      | Reached XP level 7. HP: 41/41 MP: 8/8
  3860 | D:5      | Entered Level 5 of the Dungeon
  3968 | D:5      | Reached skill level 8 in Long Blades
  4173 | D:5      | Reached skill level 5 in Dodging
  4225 | D:5      | Reached XP level 8. HP: 46/46 MP: 9/9
  4227 | D:5      | Reached skill level 9 in Long Blades
  4251 | D:5      | Found a glowing drain.
  4277 | Sewer    | Entered a sewer
  4659 | Sewer    | Reached **** piety under Trog
  4874 | D:5      | Identified the +8 chain mail of Hedonism {-Tele rElec Int+4
                  | SInv}
  5265 | D:6      | Reached skill level 1 in Shields
  5419 | D:6      | Found a staircase to the Ecumenical Temple.
  5442 | Temple   | Entered the Ecumenical Temple
  5771 | D:6      | Reached XP level 9. HP: 50/50 MP: 10/10
  5775 | D:6      | Reached skill level 10 in Long Blades
  6039 | D:6      | Found Biefapt's Antique Weapon Boutique.
  6081 | D:6      | Noticed Duvessa
  6081 | D:6      | Noticed Dowan
  6086 | D:6      | Killed Duvessa
  6089 | D:6      | Killed Dowan
  6090 | D:6      | Reached skill level 5 in Armour
  6150 | D:6      | Found a shimmering blue altar of Sif Muna.
  6153 | D:6      | Found an ancient bone altar of Kikubaaqudgha.
  6157 | D:6      | Found an iron altar of Okawaru.
  6423 | D:7      | Reached ***** piety under Trog
  6515 | D:7      | Found a shimmering altar of Xom.
  6516 | D:7      | Found a glowing golden altar of the Shining One.
  6517 | D:7      | Found a broken altar of Ashenzari.
  6518 | D:7      | Found a hazy altar of Hepliaklqana.
  6881 | D:7      | Reached skill level 5 in Shields
  7389 | D:8      | Noticed Joseph
  7397 | D:8      | Killed Joseph
  7398 | D:8      | Reached skill level 11 in Long Blades
  7472 | D:8      | Reached XP level 10. HP: 56/56 MP: 11/11
  7478 | D:8      | Noticed a two-headed ogre
  7489 | D:8      | Killed a two-headed ogre
  7857 | D:8      | Noticed Grum
  7891 | D:8      | Slain by a wolf

Illustrated notes

Levels and vault maps discovered:
D:1:      dpeg_arrival_lava_altar, layout_loops_cross, corexii_hall_statues_l,
          minmay_misc_feat_roman, lemuel_flame_loot_1
D:2:      layout_basic, minmay_nonomino_d4, uniq_robin
D:3:      layout_loops_ring, chequers_temple_overflow_statue_of_worship
D:4:      cheibrodos_helix_gallery, layout_rooms, small_statue_intersection,
          roderic_roman_lattice, uniq_edmund
D:5:      minmay_recursive_quarters, layout_rooms, gup_sewer_entry_glass,
          minmay_crystal_room, kennysheep_crisscross, minmay_misc_feat_alley
D:6:      layout_gridville, grunt_temple_overflow_diamond,
          minmay_temple_entry_glassed_door, serial_shops, shop,
          grunt_decor_mini_mirrors, minmay_fractal_squares_5, uniq_duvessa
D:7:      minmay_spotlight, layout_layer_cave, mainiacjoe_overflow_alcove_3
D:8:      layout_basic, uniq_grum, uniq_joseph
Temple:   nicolae_temple_figure_zero

Skill      XL: |  1  2  3  4  5  6  7  8  9 10 |
---------------+-------------------------------+-----
Long Blades    | 4 5 6 7 8 9 11 | 11.5
Dodging        | 3 5 6 |  6.1
Shields        | 3 5 6 |  6.4
Armour         | 4 6 7 |  7.4
Fighting       | |  3.0

Action                   |  1- 3 |  4- 6 |  7- 9 | 10-12 || total
-------------------------+-------+-------+-------+-------++-------
Melee: Falchion          |    61 |   101 |   203 |    32 ||   397
       Kick              |    16 |    23 |    73 |    13 ||   125
       Peck              |    10 |    15 |    48 |     4 ||    77
Throw: Dart              |       |     2 |     5 |     2 ||     9
Invok: Berserk           |     2 |     4 |     8 |     2 ||    16
       Trog's Hand       |       |     1 |     3 |     1 ||     5
 Stab: Sleeping          |       |     3 |       |       ||     3
       Distracted        |       |     1 |       |       ||     1
Armor: Animal skin       |    10 |     9 |    11 |       ||    30
       Ring mail         |     4 |       |       |       ||     4
       Scale mail        |    16 |    12 |       |       ||    28
       Chain mail        |       |       |    72 |    16 ||    88
Dodge: Dodged            |    46 |    37 |    44 |    14 ||   141
Block: Tower shield      |       |     1 |   127 |    38 ||   166
       Rpst.: Falchion   |    12 |     7 |    15 |     9 ||    43
